 Dungeon Crawl Stone Soup version 0.30-a0-1066-g63dfefce0d (webtiles) character file.

Game seed: 18424523003644066153

670 qeuew the Slasher (level 7, -2/41 HPs)
             Began as a Tengu Gladiator on Apr 12, 2023.
             Slain by an adder (3 damage)
             ... on level 5 of the Dungeon.
             The game lasted 00:04:34 (3727 turns).

qeuew the Slasher (Tengu Gladiator)                 Turns: 3727, Time: 00:04:35

Health: -2/41      AC:  4    Str: 14    XL:     7   Next: 58%
Magic:  8/8        EV: 16    Int:  9    God:
Gold:   218        SH:  0    Dex: 15    Spells: 6/6 levels left

rFire   . . .      SeeInvis .    a - +0 long sword
rCold   . . .      Faith    .    (no shield)
rNeg    . . .      Spirit   .    b - +1 leather armour
rPois   .          Reflect  .    c - +0 hat
rElec   .          Rampage  .    (no cloak)
rCorr   .                        (no gloves)
Will    .....                    (boots unavailable)
Stlth   +                        (no amulet)
HPRegen 0.26/turn                (no ring)
MPRegen 0.11/turn                (no ring)

@: flying quickly and evasively, quick
A: beak, talons 3, nimble flight, clumsy 1, wild magic 2
a: no special abilities


You were on level 5 of the Dungeon.
You visited 1 branch of the dungeon, and saw 5 of its levels.

You collected 218 gold pieces.

Inventory:

Hand Weapons
 a - a +0 long sword (weapon)
Missiles
 d - 2 throwing nets (quivered)
 e - a javelin
Armour
 b - a +1 leather armour (worn)
 c - a +0 hat (worn)
Wands
 o - a wand of flame (18)
Scrolls
 g - a scroll of fog
 h - a scroll of amnesia
 i - a scroll of teleportation
 m - 2 scrolls of enchant armour
Potions
 f - 2 potions of cancellation
 j - a potion of might
 k - 2 potions of heal wounds


   Skills:
 + Level 3.6 Fighting
 * Level 6.1 Long Blades
 + Level 3.8 Throwing
 + Level 3.2 Armour
 + Level 4.8 Dodging


You had 6 spell levels left.
You didn't know any spells.
Your spell library contained the following spells:

 Spells                   Type           Power      Damage    Failure   Level
 Alistair's Intoxication  Tmut/Pois      0%         N/A       100%        5
 Borgnjor's Vile Clutch   Necr/Erth      0%         N/A       100%        5
 Eringya's Noxious Bog    Tmut/Pois      0%         N/A       100%        6


Dungeon Overview and Level Annotations

Branches:
Dungeon (5/15)
 Temple: D:4-7

Altars:
Fedhas
Makhleb

Annotations:
D:3 3 runed translucent doors, Sleet's ghost, amateur SpEn


Innate Abilities, Weirdness & Mutations

You have a beak for a mouth.
You have claws for feet.
Your magical nature lets you fly swiftly and evasively.
You are clumsy. (Dex -2)
Your spells are harder to cast, but more powerful.


Message History

You slash the lemure! Your kick misses the lemure.
Your punch misses the lemure.
The lemure is heavily wounded.
The lemure hits you. The ice beast misses you.
You closely miss the lemure. Your kick misses the lemure.
The lemure is heavily wounded.
The lemure hits you. The ice beast misses you.
You hit the lemure.
The lemure is severely wounded.
The lemure closely misses you.
The ice beast hits you but does no damage.
You hit the lemure.
The lemure is almost dead.
The ice beast hits you. The ice beast freezes you.
The lemure hits you but does no damage.
You are too injured to fight recklessly!
You are too injured to fight recklessly!
You are too injured to fight recklessly!
You are too injured to fight recklessly!
You are too injured to fight recklessly!
You are too injured to fight recklessly!
You are too injured to fight recklessly!
You are too injured to fight recklessly!
You are too injured to fight recklessly!
You are too injured to fight recklessly!
You are too injured to fight recklessly!
You are too injured to fight recklessly!
You are too injured to fight recklessly!
You slash the lemure!
You kill the lemure!
That felt strangely unrewarding.
The ice beast hits you. The ice beast freezes you!
* * * LOW HITPOINT WARNING * * *
Unknown command.
Okay, then.
You feel much better. The adder bites you. The ice beast hits you.
The ice beast freezes you!
* * * LOW HITPOINT WARNING * * *
The adder bites you.
You die...

#....# #.......#
#....####.......#
#.####.#.###....#
#.# #.#.## #....#
#.# ##.#.# #....#
##.###.#.####....+
.#....####.......#
......# #.....Y.#
##....####.....S@#
#............####
###...............
#...............
############Y###
S.. ...# ..#


You could see an ice beast and an adder.

Vanquished Creatures
  Sigmund (D:5)
  A sky beast (D:4)
  An ogre (D:2)
  A lemure (D:5)
  A crimson imp (D:5)
  2 hounds (D:4)
  An orc priest (D:4)
  A sleepcap (D:5)
  An orc wizard (D:4)
  Terence (D:2)
  3 gnolls
  2 adders (D:2)
  2 dart slugs (D:1)
  8 orcs
  3 ball pythons
  6 bats
  5 endoplasms
  4 giant cockroaches
  3 goblins
  9 hobgoblins
  7 jackals (D:1)
  5 quokkas
  6 frilled lizards
  3 kobolds
  6 rats
83 creatures vanquished.

Notes
Turn   | Place    | Note
-------+----------+-------------------------------------------
     0 | D:1      | qeuew the Tengu Gladiator began the quest for the Orb.
     0 | D:1      | Reached XP level 1. HP: 12/12 MP: 2/2
   106 | D:1      | Reached XP level 2. HP: 14/17 MP: 3/3
   319 | D:1      | Reached XP level 3. HP: 13/21 MP: 4/4
   518 | D:1      | Reached skill level 1 in Armour
   758 | D:1      | Gained mutation: Your spells are a little harder to cast,
                  | but a little more powerful. [potion of mutation]
   758 | D:1      | Gained mutation: You are clumsy. (Dex -2) [potion of
                  | mutation]
   758 | D:1      | Gained mutation: Your spells are harder to cast, but more
                  | powerful. [potion of mutation]
   792 | D:2      | Noticed Terence
   798 | D:2      | Killed Terence
   799 | D:2      | Reached skill level 4 in Long Blades
   799 | D:2      | Reached XP level 4. HP: 19/27 MP: 5/5
  1133 | D:2      | Noticed an ogre
  1139 | D:2      | Killed an ogre
  1140 | D:2      | Gained mutation: Your magical nature lets you fly swiftly
                  | and evasively. [Tengu growth]
  1140 | D:2      | Reached XP level 5. HP: 11/31 MP: 6/6
  1864 | D:3      | Found a runed translucent gate.
  1864 | D:3      | Found a runed translucent gate.
  1864 | D:3      | Found a runed translucent gate.
  1867 | D:3      | Noticed Sleet's ghost (amateur SpEn)
  1932 | D:3      | Found a blossoming altar of Fedhas.
  2608 | D:4      | Reached skill level 5 in Long Blades
  2608 | D:4      | Reached XP level 6. HP: 37/37 MP: 7/7
  2855 | D:4      | Noticed a sky beast
  2865 | D:4      | Killed a sky beast
  3237 | D:5      | Entered Level 5 of the Dungeon
  3249 | D:4      | Reached XP level 7. HP: 17/41 MP: 8/8
  3387 | D:5      | Found a burning altar of Makhleb.
  3525 | D:5      | Noticed Sigmund
  3548 | D:5      | Killed Sigmund
  3549 | D:5      | Reached skill level 6 in Long Blades
  3726 | D:5      | HP: 2/41 [ice beast (11)]
  3727 | D:5      | Slain by an adder

Illustrated notes

Levels and vault maps discovered:
D:1:      amcnicky_arrival_double_pillar, layout_basic, minmay_cut_off
D:2:      layout_loops_ring, uniq_terence
D:3:      layout_basic, overflow_temple_1_default, gammafunk_ghost_split
D:4:      layout_loops_ring, chequers_garden, minmay_door_square
D:5:      minmay_recursive_quarters, layout_gridville, makhleb_grotto_becter,
          minivault_24, uniq_ijyb, uniq_pikel, uniq_sigmund,
          uniq_crazy_yiuf_cottage

Skill      XL: |  1  2  3  4  5  6  7 |
---------------+----------------------+-----
Armour         | 1 2 3 |  3.2
Long Blades    | 4 5 6 |  6.1
Dodging        | 4 |  4.8
Throwing       | 3 |  3.8
Fighting       | 3 |  3.6

Action                     |  1- 3 |  4- 6 |  7- 9 || total
---------------------------+-------+-------+-------++-------
  Melee: Long sword        |    67 |   118 |    33 ||   218
         Kick              |    17 |    31 |    11 ||    59
         Peck              |     6 |    12 |     5 ||    23
         Punch             |     2 |       |     1 ||     3
  Throw: Throwing net      |       |     4 |     1 ||     5
    Use: Scroll            |     4 |     8 |       ||    12
         Potion            |     2 |       |     1 ||     3
   Stab: Sleeping          |     1 |     3 |       ||     4
 Armour: Leather armour    |    19 |    25 |    11 ||    55
  Dodge: Dodged            |    64 |    97 |    17 ||   178

Table legend: (Time is in decaauts)
 A = Elapsed time spent in this place.
 B = Non-inter-level travel time spent in this place.
 C = Inter-level travel time spent in this place.
 D = Time resting spent in this place.
 E = Time spent auto-exploring this place.
 F = Levels seen in this place.
 G = Mean time per level.
                   A        B        C        D        E       F      G
               +--------+--------+--------+--------+--------+-----+--------+
         Total |   3582 |   3511 |     71 |     90 |   2862 |   5 |  716.4 |
       Dungeon |   3582 |   3511 |     71 |     90 |   2862 |   5 |  716.4 |
               +--------+--------+--------+--------+--------+-----+--------+

Top non-repeatable levels by time:
     D:2: 888 daAuts
     D:3: 846 daAuts
     D:1: 785 daAuts
     D:4: 601 daAuts
     D:5: 460 daAuts
